Map: Rhoskallian LE

Players

RICH - Winner!

  • Race: Zerg Zerg
  • League: Diamond
  • Spawn Location: 6:00

Combain - Winner!

  • Race: Protoss Protoss
  • League: Diamond
  • Spawn Location: 5:00

qqq

  • Race: Zerg Zerg
  • League: Platinum
  • Spawn Location: 12:00

Massa

  • Race: Terran Terran
  • League: Platinum
  • Spawn Location: 11:00

VOD

Have the link to the VOD?

Description

Time

  • Played on: Jan. 9, 2021, 5:42 a.m.
  • Length: 6:30
Show
View Real Time Build Order
Export as new Build Order

RICH Zerg - Winner!

Build Orders: Pool First 

Get SALT Encoding   

  12  0:02  Drone  
  13  0:11  Drone  
  14  0:18  Overlord  
  14  0:37  Drone x3  
  17  0:44  Extractor  
  17  0:48  Drone  
  17  0:54  Spawning Pool  
  16  1:01  Drone  
  17  1:10  Drone  
  18  1:15  Extractor  
  17  1:24  Drone  
  18  1:31  Drone  
  19  1:41  Queen  
  19  1:43  Metabolic Boost  
  21  1:57  Hatchery  
  20  2:16  Drone  
  20  2:17  Drone  
  20  2:19  Lair  
  22  2:25  Overlord  
  22  2:34  Evolution Chamber  
  22  2:35  Drone  
  22  2:42  Overlord  
  22  2:52  Overlord  
  22  2:55  Drone x2  
  24  3:02  Zerg Melee Weapons Level 1  
  24  3:05  Drone  
  25  3:08  Drone  
  26  3:22  Nydus Network  
  25  3:30  Zergling x6  
  25  3:31  Zergling x2  
  25  3:33  Zergling x2  
  30  3:41  Zergling x4  
  30  3:47  Zergling x4  
  34  3:52  Zergling x2  
  35  4:03  Nydus Canal  
  35  4:08  Spore Crawler  
  35  4:09  Spore Crawler  
  33  4:12  Zergling x4  
  34  4:24  Zergling x6  
  34  4:25  Zergling x2  
  36  4:36  Drone x4  
  36  4:52  Nydus Canal  
  36  4:54  Drone x2  
  38  5:02  Drone x2  
  40  5:08  Drone x2  
  34  5:31  Zergling x12  
  40  5:49  Zergling x6  
  43  6:00  Zergling x2  
  43  6:01  Zergling x2  
  44  6:04  Zergling x2  
  44  6:05  Nydus Canal  
  44  6:06  Zergling x2  
  48  6:24  Hatchery  
Show
View Real Time Build Order
Export as new Build Order

Combain Protoss - Winner!

Build Orders: Blink Stalkers 

Get SALT Encoding   

  12  0:00  Probe  
  13  0:12  Probe  
  14  0:18  Pylon  
  14  0:25  Probe (Chrono Boost)  
  15  0:37  Probe (Chrono Boost)  
  15  0:39  Gateway  
  16  0:44  Probe (Chrono Boost)  
  16  0:48  Assimilator  
  17  0:51  Probe  
  17  0:56  Assimilator  
  18  1:07  Gateway  
  18  1:10  Probe  
  19  1:22  Probe  
  20  1:27  Cybernetics Core  
  20  1:33  Pylon  
  20  1:34  Probe  
  21  1:46  Probe  
  22  1:59  Probe  
  23  2:03  Stalker  
  23  2:04  Stalker, Warp Gate  
  27  2:14  Pylon  
  27  2:26  Twilight Council  
  27  2:33  Stalker  
  29  2:40  Stalker  
  31  2:47  Gateway  
  31  3:02  Blink (Chrono Boost)  
  31  3:03  Gateway  
  31  3:10  Pylon  
  31  3:29  Gateway  
  31  3:31  Stalker x2  
  35  4:00  Stalker  
  37  4:12  Stalker  
  37  4:13  Stalker  
  41  4:20  Pylon  
  41  4:23  Stalker  
  43  4:27  Stalker  
  45  4:38  Stalker x2  
  49  4:47  Stalker  
  49  5:02  Stalker  
  49  5:03  Stalker  
  53  5:10  Pylon  
  49  5:28  Stalker x2  
  49  5:46  Stalker x2  
  51  5:56  Stalker  
  53  6:01  Stalker  
  55  6:27  Stalker x3  
Show
View Real Time Build Order
Export as new Build Order

qqq Zerg 

Build Orders: Hatch First 

Get SALT Encoding   

  12  0:00  Drone  
  13  0:11  Drone  
  14  0:19  Overlord  
  14  0:47  Hatchery  
  13  0:55  Drone x2  
  15  1:04  Drone  
  16  1:25  Extractor, Spawning Pool  
  14  1:27  Drone x2  
  16  1:35  Drone  
  17  1:44  Drone  
  18  1:51  Drone  
  19  1:59  Drone  
  20  2:02  Drone  
  21  2:11  Drone  
  21  2:13  Queen  
  21  2:14  Queen  
  26  2:22  Drone  
  27  2:24  Overlord  
  27  2:31  Zergling x2  
  27  2:34  Metabolic Boost  
  28  2:43  Overlord  
  28  2:46  Drone  
  28  2:47  Drone  
  28  2:48  Zergling x2  
  31  2:56  Zergling x2  
  31  2:57  Drone  
  33  3:03  Roach Warren  
  33  3:05  Zergling x2  
  33  3:07  Drone  
  34  3:21  Zergling x2  
  35  3:27  Spine Crawler  
  35  3:28  Lair  
  35  3:29  Zergling x4  
  35  3:30  Zergling x2  
  35  3:33  Drone  
  38  3:41  Zergling x2  
  38  3:43  Zergling x4  
  38  3:44  Zergling x2  
  42  3:51  Roach  
  42  3:53  Overlord  
  44  4:04  Overlord  
  44  4:09  Overlord x2  
  44  4:18  Roach x2  
  48  4:30  Roach  
  46  4:31  Roach x2  
  48  4:44  Roach  
  50  4:46  Glial Reconstitution  
  48  5:01  Spine Crawler  
  48  5:03  Roach  
  48  5:04  Overlord  
  48  5:05  Drone x3  
  44  5:34  Roach x3  
  51  5:35  Roach  
  37  5:58  Zergling x4  
  37  6:01  Zergling x6  
  42  6:09  Extractor  
Show
View Real Time Build Order
Export as new Build Order

Massa Terran 

Build Orders:  

Get SALT Encoding   

  12  0:00  SCV  
  13  0:18  SCV  
  13  0:19  Supply Depot  
  14  0:30  SCV  
  15  0:42  SCV, Barracks  
  16  0:47  Refinery  
  16  0:54  Refinery  
  16  0:56  SCV  
  17  1:08  SCV  
  18  1:20  SCV  
  19  1:28  Supply Depot  
  20  1:32  SCV  
  20  1:35  Factory  
  20  1:39  Marine  
  21  1:48  SCV  
  22  2:00  Orbital Command  
  22  2:06  Marine  
  23  2:33  Starport  
  23  2:34  Starport  
  23  2:36  SCV  
  24  2:43  Hellion  
  26  2:57  SCV  
  27  3:09  Starport Tech Lab  
  27  3:17  Widow Mine  
  27  3:19  Marine  
  30  3:33  Starport Tech Lab  
  30  3:35  Bunker  
  30  3:41  Supply Depot  
  30  3:50  Marine  
  36  4:03  Widow Mine  
  33  4:14  SCV  
  31  4:30  Command Center  
  31  4:33  Marine  
  32  4:43  Barracks  
  32  4:44  Barracks  
  32  4:45  SCV, Barracks  
  33  4:51  Marine  
  34  4:56  Widow Mine  
  34  4:57  SCV  
  37  5:00  Bunker  
  37  5:04  Starport Tech Lab  
  35  5:08  Marine  
  34  5:25  Widow Mine  
  34  5:26  Marine  
  28  5:40  Banshee  
  31  5:43  Barracks, Marine x2  
  31  5:44  Barracks, Marine  
  31  5:45  Barracks  
  31  5:47  Widow Mine  
  30  6:01  Marine x2  
  26  6:06  Marine  
  27  6:13  Bunker  
  27  6:16  Bunker  
Tags
 
Add a new tag
Caveats
  • Supply blocks, unpowered buildings, or Contaminate may cause inaccurate times.
  • Supply counts are checked every 10 seconds.